 Dungeon Crawl Stone Soup version 0.13-a0-3016-gcb2faac (webtiles) character file.

198 Econoterrorist the Ruffian (level 5, -4/44 HPs)
             Began as a Ghoul Monk on Sept 10, 2013.
             Slain by an orc
             ... wielding a -1,+1 orcish falchion
              (7 damage)
             ... on Level 3 of the Dungeon.
             The game lasted 00:13:08 (2704 turns).

Econoterrorist the Ruffian (Ghoul Monk)             Turns: 2704, Time: 00:13:08

HP  -4/44        AC  2     Str 15      XL: 5   Next:  8%
MP   3/3         EV 12     Int  5      God:
Gold 74          SH  0     Dex 12      Spells:  0 memorised,  4 levels left

Res.Fire  : . . .   See Invis. : .     - Unarmed
Res.Cold  : + . .   Warding    : .   u - +0 robe
Life Prot.: + + +   Conserve   : .   (no shield)
Res.Poison: +       Res.Corr.  : .   (no helmet)
Res.Elec. : .       Clarity    : .   (no cloak)
Sust.Abil.: . .     Spirit.Shd : .   (no gloves)
Res.Mut.  : .       Stasis     : .   (no boots)
Res.Rott. : +       Flight     : .   (no amulet)
Saprovore : + + +                    (no ring)
                                     (no ring)

@: rotting, slightly resistant to hostile enchantments, fairly stealthy
A: rotting body, claws 1, carnivore 3, cold resistance 1, life protection 3,
poison resistance, saprovore 3, slow healing 1, torment resistance, unbreathing
a: no special abilities


You were on level 3 of the Dungeon.
You were not hungry.

You visited 1 branch of the dungeon, and saw 3 of its levels.

You collected 74 gold pieces.

Inventory:

Hand weapons
 c - a +0,+0 sling
Missiles
 j - 19 sling bullets
Armour
 u - a +0 robe (worn)
Comestibles
 d - a meat ration
 m - a chunk of bat flesh
 p - a rotting chunk of giant cockroach flesh
 q - a honeycomb
 r - a rotting chunk of giant cockroach flesh
Scrolls
 b - a scroll of identify {unknown}
 e - 2 scrolls of enchant armour {unknown}
 f - a scroll of magic mapping {unknown}
 g - 3 scrolls of remove curse {unknown}
 h - 3 scrolls of fear {unknown}
 s - a scroll of enchant weapon II {unknown}
Jewellery
 a - an uncursed amulet of resist corrosion {unknown}
Potions
 i - a potion of curing {unknown}
 k - 2 potions of brilliance {unknown}
 l - a potion of speed {unknown}
 t - a potion of might {unknown}


   Skills:
 - Level 3.2 Fighting
 - Level 2.6 Dodging
 - Level 2.1 Stealth
 + Level 6.8 Unarmed Combat


You had 4 spell levels left.
You didn't know any spells.

Dungeon Overview and Level Annotations

Branches:
Dungeon (3/27)

Altars:


Innate Abilities, Weirdness & Mutations

Your body is rotting away.
You have sharp fingernails.
You are carnivorous and can eat meat at any time.
Your flesh is cold resistant.
You are immune to negative energy.
Your system is resistant to poisons.
You thrive on rotten meat.
You heal slowly.
You are immune to unholy pain and torment.
You can survive without breathing.


Message History

The orc barely misses you.
The orc hits you with an orcish falchion.
You barely miss the orc priest.
The orc priest is almost dead.
The orc closely misses you. The orc priest closely misses you.
You closely miss the orc priest.
The orc priest is almost dead.
The orc completely misses you.
The orc hits you with an orcish falchion.
* * * LOW HITPOINT WARNING * * *
The orc hits you.
* * * LOW HITPOINT WARNING * * *
The orc priest barely misses you.
An orc comes into view.
You closely miss the orc priest.
The orc priest is almost dead.
The orc hits you with an orcish club.
* * * LOW HITPOINT WARNING * * *
The orc hits you with an orcish falchion!
You die...

# ####...# ###. # ##.)..### ####.
###### #..#### ###.... .....#
####'#########.'.... .....#
#............#.#.... .....#
######............'.#....
.....####....'............###....
.....'....####..oo........# #....
<....###### #..@o........# #....
.....# #...o........# #....
'##### #............# #.... .#
#######o###### ##### ####### #
#### ......# #... ......# #...
......+ #### #... ......#
+...##...


You could see an orc priest (bleeding) and 4 orcs.

Vanquished Creatures
  A worker ant (D:3)
  4 adders
  A worm (D:2)
  An ooze (D:2)
  An orc (D:3)
  2 ball pythons (D:1)
  6 bats
  3 giant cockroaches
  7 hobgoblins
  2 giant geckos
  5 giant newts
  9 goblins
  11 kobolds
  8 rats
61 creatures vanquished.

Notes
Turn   | Place    | Note
--------------------------------------------------------------
     0 | D:1      | Econoterrorist, the Ghoul Monk, began the quest for the Orb.
     0 | D:1      | Reached XP level 1. HP: 17/17 MP: 0/0
   140 | D:1      | Reached XP level 2. HP: 17/23 MP: 1/1
   162 | D:1      | Reached skill level 5 in Unarmed Combat
   651 | D:1      | Reached XP level 3. HP: 30/30 MP: 2/2
  1419 | D:2      | Reached skill level 6 in Unarmed Combat
  1419 | D:2      | Reached XP level 4. HP: 28/35 MP: 2/2
  2471 | D:3      | Reached XP level 5. HP: 41/44 MP: 3/3
  2704 | D:3      | Slain by an orc

Action                   |  1- 3 |  4- 6 || total
-------------------------+-------+-------++-------
Melee: Unarmed           |    89 |    83 ||   172
 Stab: Sleeping          |     2 |       ||     2
